 Dungeon Crawl Stone Soup version 0.30.0-11-gf55b779eaf (webtiles) character file.

Game seed: 18416311412110918366

222 mdonais the Trooper (level 6, 0/56 HPs)
             Began as a Meteoran Fighter on May 16, 2023.
             Was a Priest of Uskayaw.
             Slain by a gnoll
             ... wielding a +0 halberd
             ... led by a gnoll sergeant
              (5 damage)
             ... on level 5 of the Dungeon.
             The game lasted 00:07:14 (1162 turns).

mdonais the Trooper (Meteoran Fighter)              Turns: 1162, Time: 00:07:15

Health: 0/56       AC: 11    Str: 21    XL:     6   Next: 43%
Magic:  7/7        EV:  8    Int:  9    God:    Uskayaw [***...]
Gold:   126        SH:  5    Dex: 13    Spells: 5/5 levels left

rFire   . . .        a - +0 war axe
rCold   . . .        c - +0 buckler
rNeg    . . .        j - +0 chain mail
rPois   .            (no helmet)
rElec   .            (no cloak)
rCorr   .            (no gloves)
SInv    .            p - +1 pair of boots
Will    .....        (no amulet) Stlth
                     (no ring)
HPRegen 0.29/turn    (no ring)
MPRegen 0.10/turn

%: no passive effects
@: mighty, glowing
A: sense surroundings 1, otherworldly, glowing, explore regen
a: Renounce Religion, Stomp, Line Pass


You were on level 5 of the Dungeon.
You worshipped Uskayaw.
Uskayaw was noncommittal.
You visited 1 branch of the dungeon, and saw 5 of its levels.

You collected 126 gold pieces.

Inventory:

Hand Weapons
 a - a +0 war axe (weapon)
 i - a +1 short sword of venom
   (You found it on level 2 of the Dungeon)
Missiles
 t - 7 boomerangs (quivered)
Armour
 c - a +0 buckler (worn)
 j - a +0 chain mail (worn)
   (You found it on level 2 of the Dungeon)
 p - a +1 pair of boots (worn)
   (You found it on level 2 of the Dungeon)
Scrolls
 e - 2 scrolls of amnesia
 g - a scroll of teleportation {unknown}
 s - a scroll of immolation {unknown}
 M - a scroll of magic mapping
Potions
 d - 2 potions of might
 f - 3 potions of degeneration {unknown}
 h - a potion of berserk rage {unknown}
 k - a potion of brilliance {unknown}
 m - a potion of heal wounds {unknown}
 o - a potion of curing {unknown}
 q - a potion of magic {unknown}
 r - 2 potions of lignification {unknown}
 u - a potion of haste {unknown}


   Skills:
 * Level 5.0 Fighting
 * Level 4.8 Axes
 + Level 4.6 Armour
 - Level 4.0 Shields


You had 5 spell levels left.
You didn't know any spells.
Your spell library contained the following spells:

 Spells                   Type           Power      Damage    Failure   Level
 Blink                    Tloc           0%         N/A       99%         2
 Lesser Beckoning         Tloc           0%         N/A       99%         2
 Momentum Strike          Conj/Tloc      0%         3d8       99%         2


Dungeon Overview and Level Annotations

Branches:
Dungeon (5/15) Zot: 1816
 Temple: D:4-7

Altars:
Elyvilon
Uskayaw


Innate Abilities, Weirdness & Mutations

You passively map a small area around you.
You are easily found by Zot.
You glow in the dark.
You regain HP and MP as you explore.


Message History

r - Retreat! s - Stop attacking. g - Guard the area. f - Follow me.
Anything else - Cancel.
You shout for attention!
You hear a shout!
A frilled lizard comes into view.
You closely miss the frilled lizard. The frilled lizard closely misses you.
You miss the frilled lizard. You block the frilled lizard's attack.
You slash the frilled lizard!
You kill the frilled lizard!
You see here a frilled lizard corpse.
A hobgoblin comes into view.
The hobgoblin shouts!
You see here a yellow potion.
u - a yellow potion You slash the hobgoblin!
You kill the hobgoblin!
You see here a hobgoblin corpse.
What are your orders? t - Shout!
Orders for allies: a - Attack new target. r - Retreat! s - Stop attacking. g - Guard the area. f - Follow me.
Anything else - Cancel.
You shout for attention!
A rat comes into view.
You see here a hobgoblin corpse.
Found a spear.
You slash the rat!
You kill the rat!
Found 19 gold pieces.
You open the door.
You now have 113 gold pieces (gained 19).
(D) Dungeon
Where to? (Enter - D:5, ? - help)
There is an open door here.
There is a stone staircase leading down here.
You climb downwards.
There is a stone staircase leading up here.
There is a stone staircase leading down here.
You climb downwards.
You hear the sound of rushing water.
There is an entrance to a sewer on this level.
Hurry and find it before the portal rusts away!
The adder hisses angrily.
Found 13 gold pieces.
Found a stone staircase leading up.
There is a stone staircase leading up here.
As you read the scroll labelled BOFABE KIXTO, it crumbles to dust.
It is a scroll of amnesia.
You feel forgetful for a moment.
You closely miss the adder. The adder bites you.
You take 1 damage, and have 54/55 hp.
You miss the adder.
The adder bites you but does no damage. x2
You barely miss the adder.
The adder bites you but does no damage. x2
Health restored: 55 You closely miss the adder.
The adder bites you but does no damage. The adder barely misses you.
You slash the adder!
You kill the adder!
Your Fighting skill increases to level 5!
Health restored: 56 You see here an adder corpse.
There is a stone staircase leading up here.
You climb upwards.
There is a stone staircase leading down here.
You climb downwards.
You hear the sound of rushing water.
There is an entrance to a sewer on this level.
Hurry and find it before the portal rusts away!
There is a stone staircase leading up here.
You now have 126 gold pieces (gained 13).
As you read the scroll labelled QEMIHEATUY, it crumbles to dust.
It is a scroll of identify.
b - a scroll of enchant armour;
R - a scroll of identify
As you read the scroll of identify, it crumbles to dust.
n - a scroll of magic mapping;
M - a scroll of magic mapping
As you read the scroll of enchant armour, it crumbles to dust.
Your +0 pair of boots glows green for a moment.
You see here an adder corpse.
There is a stone staircase leading up, spattered with blood here.
A gnoll comes into view. It is wielding a +0 spear.
Found a robe.
A gnoll sergeant comes into view. It is wielding a +0 spear.
The gnoll sergeant shouts!
You hear a shout!
A gnoll comes into view. It is wielding a +0 halberd.
There is a stone staircase leading up, spattered with blood here.
You see here an adder corpse.
The gnoll hits you but does no damage.
There is a stone staircase leading up, spattered with blood here.
You slash the gnoll!
The gnoll is almost dead.
You block the gnoll's attack.
You slash the gnoll!
You kill the gnoll!
The gnoll sergeant hits you from afar with a +0 spear!
You take 7 damage, and have 49/56 hp.
You hit the gnoll sergeant.
The gnoll sergeant is lightly wounded.
The gnoll sergeant hits you with a +0 spear.
The gnoll sergeant closely misses you.
You can now pass through a line of other dancers.
You take 5 damage, and have 45/56 hp.
You hit the gnoll sergeant.
The gnoll sergeant is moderately wounded.
The gnoll barely misses you.
The gnoll sergeant hits you with a +0 spear.
The gnoll hits you but does no damage.
You take 4 damage, and have 41/56 hp.
You barely miss the gnoll sergeant.
The gnoll sergeant is moderately wounded.
The gnoll sergeant hits you with a +0 spear.
The gnoll barely misses you.
You take 1 damage, and have 40/56 hp.
You feel very mighty all of a sudden.
The gnoll sergeant hits you with a +0 spear!
The gnoll closely misses you.
You take 9 damage, and have 31/56 hp.
You hit the gnoll sergeant.
The gnoll sergeant is moderately wounded.
The gnoll sergeant hits you with a +0 spear.
The gnoll hits you from afar with a +0 halberd.
The gnoll sergeant barely misses you.
You take 6 damage, and have 25/56 hp.
You slash the gnoll sergeant!
The gnoll sergeant is severely wounded.
The gnoll barely misses you.
A gnoll comes into view. It is wielding a +0 spear.
The gnoll sergeant barely misses you.
The gnoll hits you from afar with a +0 halberd.
You take 5 damage, and have 20/56 hp.
The gnoll sergeant blocks your attack.
The gnoll sergeant is severely wounded.
The gnoll sergeant hits you but does no damage.
The gnoll hits you from afar with a +0 halberd.
You take 1 damage, and have 19/56 hp.
You slash the gnoll sergeant!
The gnoll sergeant is almost dead.
You block the gnoll's attack.
The gnoll sergeant hits you with a +0 spear!
* * * LOW HITPOINT WARNING * * *
The gnoll hits you from afar with a +0 halberd.
* * * LOW HITPOINT WARNING * * *
The gnoll hits you from afar with a +0 spear.
* * * LOW HITPOINT WARNING * * *
Uskayaw will force your foes to helplessly watch your dance.
Uskayaw prepares the audience for your solo!
You take 14 damage, and have 5/56 hp.
MASSIVE DAMAGE!!
The helpless gnoll sergeant fails to defend itself.
You slash the gnoll sergeant!
You kill the gnoll sergeant!
The gnoll is no longer paralysed. x2
The gnoll hits you from afar with a +0 halberd.
You die...

* ##.## * #...#
* ###...######*
*
####...........
, ...........# *
, #.....<.# *
###....## ,
#..)g# ,* ##@#<#
#.#g######## *
*#.g......gg. *
,,
.......#.~~....
**
########≈≈≈###.,
, * ≈≈## * ,, *
~≈## , * ~~## ,
~ **


You could see 2 gnolls.

Vanquished Creatures
  A gnoll sergeant (D:5)
  A scorpion (D:4)
  Jessica (D:2)
  Natasha (twice) (D:2)
  A gnoll (D:5)
  4 adders
  2 worms
  A dart slug (D:2)
  An orc (D:4)
  3 endoplasms
  A giant cockroach (D:2)
  A goblin (D:2)
  5 hobgoblins
  A quokka (D:3)
  6 ball pythons
  3 bats
  2 frilled lizards
  4 kobolds
  A rat (D:3)
41 creatures vanquished.

Notes
Turn   | Place    | Note
-------+----------+-------------------------------------------
     0 | D:1      | mdonais the Meteoran Fighter began the quest for the Orb.
     0 | D:1      | Reached XP level 1. HP: 19/19 MP: 2/2
   149 | D:1      | Reached XP level 2. HP: 26/26 MP: 3/3
   218 | D:2      | Reached XP level 3. HP: 27/33 MP: 4/4
   410 | D:2      | Noticed Natasha
   422 | D:2      | Reached XP level 4. HP: 29/40 MP: 5/5
   425 | D:2      | Killed Natasha
   426 | D:2      | Reached skill level 4 in Fighting
   492 | D:2      | Noticed Jessica
   502 | D:2      | Killed Jessica
   503 | D:2      | Reached XP level 5. HP: 44/47 MP: 6/6
   535 | D:1      | Found a faded altar of an unknown god.
   657 | D:2      | Noticed Natasha
   665 | D:2      | Killed Natasha
   777 | D:3      | Found a hide-covered altar of Uskayaw.
   777 | D:3      | Found a white marble altar of Elyvilon.
   788 | D:3      | Became a worshipper of Uskayaw the Reveller
   972 | D:4      | Reached * piety under Uskayaw
   974 | D:4      | Reached ** piety under Uskayaw
   979 | D:4      | Reached *** piety under Uskayaw
   981 | D:4      | Reached XP level 6. HP: 40/55 MP: 7/7
  1119 | D:5      | Entered Level 5 of the Dungeon
  1126 | D:5      | Reached skill level 5 in Fighting
  1162 | D:5      | Slain by a gnoll

Illustrated notes

Levels and vault maps discovered:
D:1:      psy_arrival_dodecagon, layout_basic,
          shapermc_ecumenical_altar_pompeii, minmay_misc_feat_enclosed
D:2:      layout_basic, st_stairs_8, kennysheep_nub, uniq_jessica, uniq_terence,
          uniq_natasha
D:3:      layout_basic, chequers_temple_overflow_statue_of_worship,
          hangedman_decor_growths
D:4:      layout_loops_cross, hangedman_decor_slide_cut, minmay_ruined_shrine
D:5:      minmay_razor_zed, layout_loops_ring, cheibrodos_sewer_entry_bend,
          kennysheep_opposing_triangles

Skill      XL: |  1  2  3  4  5  6 |
---------------+-------------------+-----
Axes           | 3 4 |  4.8
Shields        | 4 |  4.0
Fighting       | 4 5 |  5.0
Armour         | 4 |  4.6

Action                     |  1- 3 |  4- 6 || total
---------------------------+-------+-------++-------
  Melee: War axe           |    15 |    37 ||    52
         Short sword       |    42 |    55 ||    97
    Use: Scroll            |       |     4 ||     4
         Potion            |       |     1 ||     1
   Stab: Paralysed         |       |     2 ||     2
 Armour: Scale mail        |    17 |       ||    17
         Chain mail        |    14 |    49 ||    63
  Dodge: Dodged            |    20 |    29 ||    49
  Block: Buckler           |    20 |    16 ||    36
